 Dungeon Crawl Stone Soup version 0.30.1-3-gfc49f6343a (webtiles) character file.

Game seed: 4382800593778971974

2345 Jaijje the Trooper (level 9, 0/81 HPs)
             Began as a Hill Orc Reaver on July 8, 2023.
             Was a Follower of Dithmenos.
             Slain by Joseph
             ... wielding a +0 quarterstaff
              (11 damage)
             ... on level 7 of the Dungeon on July 30, 2023.
             The game lasted 00:31:57 (8309 turns).

Jaijje the Trooper (Hill Orc Reaver)                Turns: 8309, Time: 00:31:58

Health: 0/81       AC: 10    Str: 25    XL:     9   Next: 43%
Magic:  12/12      EV: 12    Int: 13    God:    Dithmenos [*.....]
Gold:   434        SH:  0    Dex:  9    Spells: 9/12 levels left

rFire   . . .        h - +1 long sword of the Curious Tables {pain, rPois Str+6}
rCold   . . .        (no shield)
rNeg    + . .        s - +3 leather armour {rN+}
rPois   +            (no helmet)
rElec   .            (no cloak)
rCorr   .            (no gloves)
SInv    .            (no boots)
Will    .....        u - amulet of magic regeneration
Stlth   +            e - +4 ring of protection
HPRegen 0.33/turn    (no ring)
MPRegen 0.53/turn

%: no passive effects
@: mighty, wreathed by umbra
A: no striking features
a: Renounce Religion


You were on level 7 of the Dungeon.
You worshipped Dithmenos.
Dithmenos was aware of your devotion.
You visited 2 branches of the dungeon, and saw 8 of its levels.
You also visited: Sewer and Ossuary.

You collected 470 gold pieces.
You spent 36 gold pieces at shops.

Inventory:

Hand Weapons
 a - a +1 hand axe
 h - the +1 long sword of the Curious Tables (weapon) {pain, rPois Str+6}
   (You found it on level 2 of the Dungeon)

   Str:       It affects your strength (+6).
   rPois:     It protects you from poison.
 A - a +0 flail
Missiles
 y - 2 throwing nets
Armour
 b - a +0 leather armour
 s - a +3 leather armour of positive energy (worn)
Jewellery
 e - a +4 ring of protection (left hand)
 u - an amulet of magic regeneration (around neck)
Wands
 t - a wand of mindburst (16)
Scrolls
 c - 2 scrolls of amnesia
 f - 4 scrolls of teleportation
 g - 2 scrolls of vulnerability
 j - 2 scrolls of poison
 l - a scroll of enchant weapon
 o - 2 scrolls of identify
 p - a scroll of blinking
 q - a scroll of immolation
Potions
 d - 2 potions of might
 i - 5 potions of haste
 m - 3 potions of flight
 n - a potion of mutation
 r - 3 potions of cancellation {unknown}
 v - a potion of berserk rage
 w - 2 potions of brilliance
 x - a potion of curing
 z - 2 potions of resistance {unknown}


   Skills:
 + Level 7.9 Fighting
 + Level 7.5 Long Blades
 - Level 4.6 Axes
 + Level 4.6 Armour
 + Level 3.1 Dodging
 - Level 0.2 Stealth
 + Level 2.3 Spellcasting
 - Level 4.2 Conjurations
 * Level 2.5 Transmutations


You had 9 spell levels left.
You knew the following spells:

 Your Spells              Type           Power      Damage    Failure   Level
a - Kiss of Death         Conj/Necr      28%        2d7       12%         1
b - Wereblood             Tmut           8%         N/A       14%         2

Your spell library contained the following spells:

 Spells                   Type           Power      Damage    Failure   Level
 Momentum Strike          Conj/Tloc      14%        3d8       17%         2
 Sandblast                Erth           2%         2d4       26%         1
 Slow                     Hex            4%         N/A       26%         1
 Hailstorm                Conj/Ice       7%         3d4       34%         3
 Sublimation of Blood     Necr           1%         N/A       38%         2
 Simulacrum               Ice/Necr       0%         N/A       100%        6
 Ozocubu's Refrigeration  Ice            0%         4d7       100%        7
 Summon Hydra             Summ           0%         N/A       100%        7
 Polar Vortex             Ice            0%         N/A       100%        9


Dungeon Overview and Level Annotations

Branches:
Dungeon (7/15)             Temple (1/1) D:4           Sewer (visited)
Ossuary (visited)

Altars:
Ashenzari
Cheibriados
Dithmenos
Elyvilon
Fedhas
Gozag
Hepliaklqana
Kikubaaqudgha
Makhleb
Nemelex Xobeh
Okawaru
Qazlal
Ru
Trog
Uskayaw
Vehumet
Wu Jian
Xom
Yredelemnul
Zin
The Shining One

Shops:
D:1 !

Annotations:
D:7 Joseph


Message History

You barely miss Joseph.
Joseph is lightly wounded.
Joseph hits you with a +0 quarterstaff!
You hit Joseph.
Joseph is moderately wounded.
Your primal bloodlust is almost over.
Joseph hits you with a +0 quarterstaff!
* * * LOW HITPOINT WARNING * * *
You closely miss Joseph.
Joseph is moderately wounded.
Joseph hits you with a +0 quarterstaff!
* * * LOW HITPOINT WARNING * * *
You hit Joseph.
Joseph is moderately wounded.
Joseph hits you but does no damage.
You hit Joseph.
Joseph is moderately wounded.
Joseph closely misses you.
It was a potion of might.
You feel very mighty all of a sudden. Joseph hits you but does no damage.
You barely miss Joseph.
Joseph is moderately wounded.
Joseph hits you with a +0 quarterstaff!
* * * LOW HITPOINT WARNING * * *
You feel much better.
Your primal bloodlust has ended.
Joseph misses you.
You barely miss Joseph.
Joseph is moderately wounded.
Joseph hits you with a +0 quarterstaff.
* * * LOW HITPOINT WARNING * * *
You slash Joseph!
Joseph is heavily wounded.
Joseph hits you with a +0 quarterstaff.
* * * LOW HITPOINT WARNING * * *
You slash Joseph!
Joseph is severely wounded.
Joseph hits you with a +0 quarterstaff!
You die...

#.# #.# #.# #.###.#
##.## #..##.#
###...# ##.##.#
#...#.# #######.##.#
#.#...#
...>.....#.###.#####
######.........####
##............#
####..@....##.##.#
.......@....##.##.#
#####.......##.##.#
........)..###.##.#
######รท)).###.##.#
##.#.....##.#
####.#..##.##.# .
#....#..##.##.#
..######.# #.##.#..#


You could see Joseph.

Vanquished Creatures
  Grinder (D:6)
  Sigmund (D:6)
  A water moccasin (D:7)
  2 black bears
  2 ogres
  A phantom (D:6)
  3 bullfrogs
  9 water moccasin zombies (Ossuary)
  A scorpion (D:4)
  2 howler monkeys
  An orc priest (D:4)
  4 hounds
  2 gnoll boudas (D:6)
  2 iguanas
  An orc wizard (D:4)
  2 mummies (Ossuary)
  12 gnolls
  5 adders
  2 white imps (D:5)
  An adder zombie (Ossuary)
  2 worms
  A dart slug (D:2)
  16 orcs
  3 bats
  16 endoplasms
  11 giant cockroaches
  6 goblins
  6 hobgoblins
  4 jackals (D:2)
  8 quokkas
  12 ball pythons
  8 frilled lizards (Sewer)
  2 gnoll zombies (Ossuary)
  3 hobgoblin zombies (Ossuary)
  7 kobolds
  6 kobold zombies (Ossuary)
  4 orc zombies (Ossuary)
  6 rats
176 creatures vanquished.

Notes
Turn   | Place    | Note
-------+----------+-------------------------------------------
     0 | D:1      | Jaijje the Hill Orc Reaver began the quest for the Orb.
     0 | D:1      | Reached XP level 1. HP: 18/18 MP: 3/3
   183 | D:1      | Reached XP level 2. HP: 19/24 MP: 4/4
   398 | D:1      | Found Orikhyom's Distillery.
   406 | D:1      | Bought a potion of curing for 36 gold pieces
   742 | D:2      | Found a faded altar of an unknown god.
   761 | D:2      | Reached XP level 3. HP: 27/30 MP: 5/5
   850 | D:2      | Found a sparkling altar of Nemelex Xobeh.
   912 | D:2      | Reached skill level 1 in Armour
  1076 | D:2      | Identified the +1 long sword of the Curious Tables {pain,
                  | rPois Str+6}
  1623 | D:3      | Reached skill level 1 in Long Blades
  1712 | D:3      | Reached XP level 4. HP: 5/37 MP: 6/6
  1963 | D:3      | Found a glowing drain.
  1992 | Sewer    | Entered a sewer
  2310 | Sewer    | Reached XP level 5. HP: 21/39 MP: 7/7
  2749 | Sewer    | Reached skill level 5 in Long Blades
  2749 | Sewer    | Reached XP level 6. HP: 10/51 MP: 8/8
  4119 | D:4      | Found a sand-covered staircase.
  4124 | Ossuary  | Entered an ossuary
  4176 | Ossuary  | Reached XP level 7. HP: 38/58 MP: 9/9
  4606 | Ossuary  | Reached XP level 8. HP: 52/67 MP: 11/11
  4687 | D:4      | Found an opulent altar of Gozag.
  4817 | D:4      | Found a staircase to the Ecumenical Temple.
  5338 | Temple   | Entered the Ecumenical Temple
  5550 | Temple   | Upgraded the game from 0.30.1 to 0.30.1-3-gfc49f6343a
  5558 | Temple   | Became a worshipper of Dithmenos the Shadowed
  5599 | D:5      | Entered Level 5 of the Dungeon
  5676 | D:5      | Learned a level 2 spell: Wereblood
  5699 | D:5      | Reached skill level 5 in Fighting
  6197 | D:5      | Identified the +6 whip of Caachec {drain, rF+ Str+2}
  6265 | D:4      | Reached skill level 1 in Transmutations
  6788 | D:5      | Found a sacrificial altar of Ru.
  6788 | D:5      | Found an iron altar of Okawaru.
  6795 | D:5      | Found a snail-covered altar of Cheibriados.
  6797 | D:5      | Found an ancient bone altar of Kikubaaqudgha.
  6799 | D:5      | Found an ornate altar of the Wu Jian Council.
  7014 | D:6      | Noticed Sigmund
  7048 | D:6      | Killed Sigmund
  7155 | D:6      | Reached XP level 9. HP: 53/78 MP: 12/12
  7237 | D:6      | Noticed Grinder
  7244 | D:6      | Paralysed by Grinder for 2 turns
  7263 | D:6      | Killed Grinder
  7345 | D:6      | Found a glowing golden altar of the Shining One.
  7346 | D:6      | Got An Introduction to Theurgy
  7987 | D:7      | Reached * piety under Dithmenos
  8257 | D:7      | Noticed Joseph
  8305 | D:7      | HP: 3/81 [Joseph/+0 quarterstaff (13)]
  8309 | D:7      | Slain by Joseph

Illustrated notes

Levels and vault maps discovered:
D:1:      eino_arrival_water_star, layout_basic, serial_shops, shop
D:2:      layout_basic, basic_altar,
          hellmonk_ecumenical_altar_pennies_from_heaven
D:3:      layout_basic, cheibrodos_sewer_entry_bend, chequers_big_river
D:4:      layout_loops_ring, pf_just_have_faith, minmay_temple_entry_junction_2,
          enter_ossuary_5, nicolae_elevator_lobby_asterisk
D:5:      layout_cave_pools, chequers_temple_overflow_minitemple
D:6:      layout_basic, tso_metal_star, uniq_grinder, uniq_sigmund
D:7:      layout_loops_ring, uniq_joseph
Temple:   nicolae_temple_two_arcs

Skill      XL: |  1  2  3  4  5  6  7  8  9 |
---------------+----------------------------+-----
Armour         | 1 3 4 |  4.6
Long Blades    | 2 3 5 7 |  7.5
Fighting       | 3 4 6 7 |  7.9
Dodging        | 2 3 |  3.1
Spellcasting   | 2 |  2.3
Conjurations   | 4 |  4.2
Transmutations | 2 |  2.5
Axes           | |  4.6
Stealth        | |  0.2

Action                     |  1- 3 |  4- 6 |  7- 9 || total
---------------------------+-------+-------+-------++-------
  Melee: Hand axe          |    89 |       |       ||    89
         Long sword        |    32 |   294 |   511 ||   837
         Punch             |       |     2 |     7 ||     9
   Cast: Kiss of Death     |     1 |     1 |       ||     2
         Wereblood         |       |       |     8 ||     8
    Use: Potion            |     3 |     2 |     5 ||    10
         Scroll            |       |       |    13 ||    13
 Armour: Leather armour    |    31 |    94 |   227 ||   352
  Dodge: Dodged            |    89 |   187 |   292 ||   568
